 Dungeon Crawl Stone Soup version 0.31.0-7-gf635a9b802 (webtiles) character file.

Game seed: 16039363197860095542

9375 Zeia the Nimble (level 11, -2/86 HPs)
             Began as a Djinni Ice Elementalist on Jan 23, 2024.
             Was an Initiate of Gozag.
             Slain by a hell knight
             ... wielding a +1 broad axe of flaming
              (31 damage)
             ... in a volcano.
             The game lasted 00:53:39 (10920 turns).

Zeia the Nimble (Djinni Ice Elementalist)          Turns: 10920, Time: 00:53:39

Health: -2/86      AC:  6    Str:  7    XL:     11   Next: 73%
Gold:   1406       EV: 27    Int: 22    God:    Gozag SH:  0 Dex: 13

rFire   + + .        L - +1 demon whip (venom)
rCold   x . .        (no shield)
rNeg    . . .        a - +0 robe
rPois   ∞            v - +0 helmet
rElec   .            u - +0 cloak
rCorr   .            k - +1 pair of gloves
SInv    .            (boots unavailable)
Will    +....        (no amulet)
Stlth   ++           i - +5 ring of evasion
HPRegen 0.34/turn    n - +5 ring of evasion
MPRegen 0.00/turn

%: infuse magic (-3 HP)
@: gold aura, flying
A: sickness immunity, fire resistance 2, cold vulnerability 1, float, innate
caster, HP casting, extra vitality 1
a: Renounce Religion, Potion Petition, Call Merchant, Bribe Branch


You were in a volcano.
You worshipped Gozag.
Gozag was most pleased with you.
You visited 3 branches of the dungeon, and saw 12 of its levels.
You also visited: Sewer and Volcano.

You collected 1467 gold pieces.
You paid 61 gold pieces to Gozag.

Inventory:

Hand Weapons
 b - a +0 long sword
 h - a +0 dagger
 j - a +3 dagger of flaming
 L - a +1 demon whip of venom (weapon)
Missiles
 B - a throwing net
Armour
 a - a +0 robe (worn)
 k - a +1 pair of gloves (worn)
 u - a +0 cloak (worn)
 v - a +0 helmet (worn)
 w - +0 shadow dragon scales
 E - a scarf of invisibility
Magical Staves
 K - a staff of air
Jewellery
 i - a +5 ring of evasion (left hand)
 l - a ring of fire
 n - a +5 ring of evasion (right hand)
 M - a +6 ring of dexterity
Wands
 x - a wand of quicksilver (8)
 F - a wand of digging (5)
 G - a wand of charming (14)
Scrolls
 m - 3 scrolls of teleportation
 p - 2 scrolls of enchant weapon
 q - 2 scrolls of blinking
 t - a scroll of vulnerability
 y - 2 scrolls of amnesia
 z - a scroll of revelation
 A - a scroll of fog
 D - a scroll of fear
 H - a scroll of identify
 N - a scroll of immolation
Potions
 c - 4 potions of brilliance
 d - 4 potions of curing
 e - 2 potions of attraction
 f - a potion of enlightenment {unknown}
 g - 3 potions of might
 o - a potion of magic {unknown}
 r - 2 potions of lignification
 s - a potion of mutation {unknown}
 C - a potion of ambrosia
 I - a potion of invisibility {unknown}
 J - a potion of heal wounds {unknown}


   Skills:
 + Level 10.4 Fighting
 + Level 11.0 Dodging
 - Level 1.5 Stealth
 + Level 9.0 Spellcasting
 + Level 9.0 Conjurations
 + Level 9.0 Hexes
 + Level 9.0 Summonings
 + Level 9.0 Necromancy
 + Level 9.0 Translocations
 + Level 9.0 Fire Magic
 + Level 9.0 Ice Magic
 + Level 9.0 Air Magic
 + Level 9.0 Earth Magic
 + Level 9.0 Alchemy


You knew the following spells:

 Your Spells              Type           Power      Damage    Failure   Level
a - Freeze                Ice            100%       1d10      1%          1
b - Frozen Ramparts       Ice            98%        1d15      1%          3
c - Ozocubu's Armour      Ice            49%        N/A       1%          3
d - Summon Ice Beast      Ice/Summ       49%        N/A       1%          3
e - Magic Dart            Conj           100%       1d8       1%          1
f - Scorch                Fire           98%        2d9       1%          2
g - Stone Arrow           Conj/Erth      98%        3d13      1%          3
h - Brom's Barrelling Bo  Conj/Erth      49%        2d7       1%          4
i - Iskenderun's Battles  Conj           49%        2d10      4%          5
Your spell library was empty.

Dungeon Overview and Level Annotations

Branches:
Dungeon (10/15)            Temple (1/1) D:4            Lair (1/5) D:9
  Sewer (visited)         Volcano (1/1)
    Orc: D:9-12

Altars:
Ashenzari
Cheibriados
Dithmenos
Elyvilon
Fedhas
Gozag
Hepliaklqana
Makhleb
Nemelex Xobeh
Okawaru
Qazlal
Ru
Trog
Uskayaw
Wu Jian
Xom
Yredelemnul
Zin
The Shining One

Shops:
D:8 :

Portals:
Abyss: D:3

Annotations:
D:3 2 transporters, jorslayerofgods's ghost, amateur DrAE
D:5 2 transporters, exclusion: 2 doors, Laqueoixx's ghost, novice OpSh
D:6 3 runed translucent doors, Persephone's ghost, novice DgHu
Temple 2 transporters


Innate Abilities, Weirdness & Mutations

You are immune to sickness and miasma.
You are immune to poison.
Your flesh is very heat resistant. (rF++)
You are vulnerable to cold. (rC-)
You float through the air rather than walking.
You learn spells naturally, not from books.
Your magical power is your life essence.
You have superior vitality. (+4 MHP)


Message History

The frozen ramparts melt away as you move.
Your ice beast completely misses the two-headed ogre.
The two-headed ogre barely misses your ice beast.
The two-headed ogre hits your ice beast with a +0 giant club of flaming!!
The two-headed ogre melts your ice beast.
You feel better.
Your ice beast hits the two-headed ogre.
Your ice beast freezes the two-headed ogre!
The two-headed ogre dies!
Your Dodging skill increases to level 11!
Your Spellcasting skill increases to level 9!
Your Conjurations skill increases to level 9!
Your Hexes skill increases to level 9!
Your Summonings skill increases to level 9!
Your Necromancy skill increases to level 9!
Your Translocations skill increases to level 9!
Your Fire Magic skill increases to level 9!
Your Ice Magic skill increases to level 9!
Your Air Magic skill increases to level 9!
Your Earth Magic skill increases to level 9!
Your Alchemy skill increases to level 9!
Okay, then.
As you read the scroll of identify, it crumbles to dust.
r - 2 potions of lignification The hell knight hits your ice beast with a +1 broad axe of flaming!
The hell knight melts your ice beast!
Your ice beast dies!
Your ice beast disappears in a puff of smoke!
The two-headed ogre is distracted by your dazzling golden aura.
Casting: Summon Ice Beast (safe; 1% risk of failure)
Confirm with . or Enter, or press ? or * to list all spells.
A chill wind blows around you.
The two-headed ogre shouts in stereo!
The hell knight misses you.
The two-headed ogre is no longer distracted by gold.
The hell knight attacks as it pursues you!
The hell knight completely misses you.
The hell knight hits you with a +1 broad axe of flaming!!
You die...
Your body crumbles into a pile of gold.

##.§.§§§≈≈≈≈§≈≈≈≈§≈≈≈≈ ##. #∩
#...§≈≈≈≈≈§≈≈≈≈≈≈§≈≈≈§ #._ #.
#...≈≈§§≈§≈§≈≈≈≈≈≈≈≈≈≈ #...#.
###.§§§≈§§§§≈≈≈≈≈§§§≈≈ .#...#.
##§§≈≈≈≈§≈≈§≈≈§§≈≈≈≈ .......
#...≈≈§≈§≈§§§§§≈≈≈≈ ......§
###..≈§≈§≈≈≈§≈≈§≈§§.
.......####8Y...≈§§≈≈§§≈§≈≈≈§.
......$.$O..p@...§§§≈§≈≈≈≈....
###+#######8.....§§≈≈§§≈...#.#
####....§≈§§..##.###
##.....§..##### ####§##### ###


You could see a hell knight (fast, ally target), a two-headed ogre and a
friendly ice beast (summoned).

Vanquished Creatures
  3 two-headed ogres
  Amaemon (D:9)
  A shadow (D:9)
  6 yaks (Lair:1)
  5 fire bats (Volcano)
  A warg (D:9)
  5 water moccasins
  A black bear (D:5)
  An ogre (D:6)
  2 wolves (D:9)
  2 centaurs
  2 phantoms
  4 kobold brigands
  2 bullfrogs
  3 scorpions
  4 wights (D:8)
  8 killer bees
  3 bombardier beetles
  5 lava snakes (Volcano)
  5 hounds
  3 jellies
  3 orc priests
  2 gnoll boudas
  An orc wizard (D:9)
  3 iguanas
  A sleepcap (D:6)
  A hell rat (Sewer)
  Robin (D:4)
  5 gnolls
  8 adders
  2 river rats (Sewer)
  A shadow imp (D:7)
  2 white imps
  An ufetubus (D:7)
  2 dart slugs
  5 ribbon worms
  13 orcs
  4 bats
  7 endoplasms
  4 giant cockroaches
  11 goblins
  7 hobgoblins
  4 jackals
  25 kobolds
  3 quokkas
  11 ball pythons
  8 frilled lizards
  5 rats
207 creatures vanquished.

Vanquished Creatures (collateral kills)
  A two-headed ogre (Volcano)
  An orange demon (D:9)
  A troll (D:9)
  2 orc warriors (D:9)
  A phantom (D:4)
  A kobold brigand (D:9)
  2 bullfrogs
  A scorpion (D:6)
  Crazy Yiuf (D:6)
  A jelly (D:6)
  2 orc priests
  An orc wizard (D:9)
  5 gnolls
  A river rat (Sewer)
  An ufetubus (D:7)
  5 orcs
  A goblin (D:4)
  A hobgoblin (D:4)
  4 kobolds
  2 rats (Sewer)
35 creatures vanquished.

Grand Total: 242 creatures vanquished

Notes
Turn   | Place    | Note
-------+----------+-------------------------------------------
     0 | D:1      | Zeia the Djinni Ice Elementalist began the quest for the
                  | Orb.
     0 | D:1      | Zeia set off with the following spells memorised: Freeze,
                  | Frozen Ramparts, Ozocubu's Armour, Summon Ice Beast.
     0 | D:1      | Reached XP level 1. HP: 15/15 MP: 0/0
   124 | D:1      | Reached XP level 2. HP: 21/22 MP: 0/0
   126 | D:1      | Reached skill level 1 in Fighting
   327 | D:1      | Found a faded altar of an unknown god.
   438 | D:1      | Reached XP level 3. HP: 27/27 MP: 0/0
   438 | D:1      | Learned a level 1 spell: Magic Dart
  1265 | D:2      | Found a white marble altar of Elyvilon.
  1395 | D:2      | Reached XP level 4. HP: 27/33 MP: 0/0
  1654 | D:2      | Reached XP level 5. HP: 33/40 MP: 0/0
  1654 | D:2      | Learned a level 2 spell: Scorch
  2120 | D:3      | Found a transporter.
  2197 | D:3      | Found a transporter.
  2222 | D:3      | Noticed jorslayerofgods's ghost (amateur DrAE)
  2226 | D:3      | Found a one-way gate to the infinite horrors of the Abyss.
  2847 | D:4      | Noticed a phantom
  2969 | D:4      | Reached XP level 6. HP: 40/46 MP: 0/0
  2972 | D:4      | Found a basalt altar of Yredelemnul.
  3127 | D:4      | Noticed Robin
  3140 | D:4      | Killed Robin
  3157 | D:4      | Reached skill level 3 in Dodging
  3185 | D:4      | Found a snail-covered altar of Cheibriados.
  3237 | D:4      | Reached XP level 7. HP: 23/52 MP: 0/0
  3237 | D:4      | Learned a level 3 spell: Stone Arrow
  3290 | D:4      | Reached skill level 5 in Spellcasting
  3290 | D:4      | Reached skill level 5 in Conjurations
  3290 | D:4      | Reached skill level 5 in Hexes
  3290 | D:4      | Reached skill level 5 in Summonings
  3290 | D:4      | Reached skill level 5 in Necromancy
  3290 | D:4      | Reached skill level 5 in Translocations
  3290 | D:4      | Reached skill level 5 in Fire Magic
  3290 | D:4      | Reached skill level 5 in Ice Magic
  3290 | D:4      | Reached skill level 5 in Air Magic
  3290 | D:4      | Reached skill level 5 in Earth Magic
  3290 | D:4      | Reached skill level 5 in Alchemy
  3336 | D:4      | Found a staircase to the Ecumenical Temple.
  3409 | D:4      | Reached skill level 4 in Dodging
  3426 | D:4      | Found a glowing drain.
  3435 | Sewer    | Entered a sewer
  3719 | Temple   | Found a transporter.
  3719 | Temple   | Found a transporter.
  3719 | Temple   | Found a transporter.
  3719 | Temple   | Found a transporter.
  3719 | Temple   | Entered the Ecumenical Temple
  3755 | Temple   | Became a worshipper of Gozag Ym Sagoz the Greedy
  4252 | D:5      | Entered Level 5 of the Dungeon
  4565 | D:5      | Found a transporter.
  4612 | D:5      | Reached XP level 8. HP: 52/58 MP: 0/0
  4678 | D:5      | Reached skill level 5 in Fighting
  4740 | D:5      | Identified the +6 spear "Qaiklin" {chaos, rC++ Str+5 SInv}
  4740 | D:5      | Identified the +0 kite shield of the New World {rC+ Stlth+}
  4766 | D:5      | Noticed Laqueoixx's ghost (novice OpSh)
  4821 | D:5      | Identified the amulet "Ofomuyv" {Reflect Harm SH+5}
  4822 | D:5      | Found a transporter.
  4871 | D:5      | Reached skill level 5 in Dodging
  6179 | D:6      | Reached skill level 6 in Dodging
  6315 | D:6      | Reached XP level 9. HP: 39/66 MP: 0/0
  6315 | D:6      | Learned a level 4 spell: Brom's Barrelling Boulder
  6645 | D:6      | Found a runed translucent gate.
  6648 | D:6      | Found a runed translucent gate.
  6649 | D:6      | Found a runed translucent gate.
  6651 | D:6      | Noticed Persephone's ghost (novice DgHu)
  6816 | D:6      | Found a runed translucent door.
  6817 | D:6      | Noticed Crazy Yiuf
  6936 | D:6      | Killed Crazy Yiuf
  7288 | D:7      | Reached skill level 7 in Dodging
  8071 | D:8      | Found Zotob's Book Shop.
  8387 | D:8      | Noticed a two-headed ogre
  8399 | D:8      | Killed a two-headed ogre
  8400 | D:8      | Reached skill level 8 in Dodging
  8400 | D:8      | Reached XP level 10. HP: 65/76 MP: 0/0
  8803 | D:9      | Noticed a two-headed ogre
  8814 | D:9      | Killed a two-headed ogre
  8920 | D:9      | Reached skill level 9 in Dodging
  9288 | D:9      | Found a staircase to the Lair.
  9333 | D:9      | Noticed Amaemon
  9360 | D:9      | Killed Amaemon
  9366 | D:9      | Noticed an orange demon
  9368 | D:9      | Killed an orange demon
  9369 | D:9      | Reached XP level 11. HP: 49/84 MP: 0/0
  9369 | D:9      | Learned a level 5 spell: Iskenderun's Battlesphere
  9668 | D:9      | Found a sacrificial altar of Ru.
  9809 | D:9      | Reached skill level 10 in Dodging
 10277 | D:10     | Entered Level 10 of the Dungeon
 10299 | D:10     | Found a hide-covered altar of Uskayaw.
 10339 | Lair:1   | Entered Level 1 of the Lair of Beasts
 10367 | Lair:1   | Reached skill level 10 in Fighting
 10421 | Lair:1   | Found a dark tunnel.
 10429 | Volcano  | Entered a volcano
 10898 | Volcano  | Noticed a two-headed ogre
 10899 | Volcano  | Noticed a hell knight
 10899 | Volcano  | Noticed a two-headed ogre
 10900 | Volcano  | Noticed a two-headed ogre
 10913 | Volcano  | Killed a two-headed ogre
 10915 | Volcano  | Killed a two-headed ogre
 10916 | Volcano  | Reached skill level 11 in Dodging
 10920 | Volcano  | Slain by a hell knight

Illustrated notes

Levels and vault maps discovered:
D:1:      eino_arrival_cavern_d, layout_basic, chequers_ecumenical_altar_simple
D:2:      layout_basic, basic_altar
D:3:      layout_loops_ring, gammafunk_ghost_abyssal_escape,
          roderic_roman_lattice, wander_ebering_terrifying_dragon_lair
D:4:      wad_pebble_path, layout_basic, slow_altar_1,
          mainiacjoe_overflow_chevrons, temple_hall,
          mainiacjoe_sewer_entry_somewhere_in_here_1, uniq_robin
D:5:      cheibrodos_two_vegetables, layout_loops_corners,
          gammafunk_ghost_gnarly_gnolls
D:6:      layout_loops_corners, gammafunk_ghost_necromancy,
          kennysheep_generic_room_13, uniq_crazy_yiuf_cottage
D:7:      layout_basic, nicolae_vehumet_altar_sigil
D:8:      layout_loops_ring, serial_shops, shop
D:9:      layout_basic, mainiacjoe_overflow_alcove_4, erik_lair_orcish_takeover,
          uniq_amaemon
D:10:     layout_rooms, mainiacjoe_overflow_small_starburst,
          dk_rats_in_the_wall, uniq_joseph, uniq_sonja, uniq_maurice
Temple:   hellmonk_temple_divided_pantheon
Lair:1:   layout_hall_layers, nicolae_volcano_entry_hallway, grunt_megastairs_3
Volcano:  volcano_grotto [vgs_statue_spotlight]

Skill      XL: |  1  2  3  4  5  6  7  8  9 10 11 |
---------------+----------------------------------+-----
Fighting       | 1 2 3 4 6 8 9 10 | 10.4
Spellcasting   | 4 5 6 7 8 9 |  9.0
Conjurations   | 4 5 6 7 8 9 |  9.0
Hexes          | 4 5 6 7 8 9 |  9.0
Summonings     | 4 5 6 7 8 9 |  9.0
Necromancy     | 4 5 6 7 8 9 |  9.0
Translocations | 4 5 6 7 8 9 |  9.0
Fire Magic     | 4 5 6 7 8 9 |  9.0
Ice Magic      | 4 5 6 7 8 9 |  9.0
Air Magic      | 4 5 6 7 8 9 |  9.0
Earth Magic    | 4 5 6 7 8 9 |  9.0
Alchemy        | 4 5 6 7 8 9 |  9.0
Dodging        | 3 4 6 8 9 11 | 11.0
Stealth        | |  1.5

Action                     |  1- 3 |  4- 6 |  7- 9 | 10-12 || total
---------------------------+-------+-------+-------+-------++-------
  Melee: Long sword        |     4 |       |       |       ||     4
         Dagger            |     2 |    12 |    28 |       ||    42
         Demon whip        |       |       |       |    30 ||    30
   Cast: Freeze            |    35 |    35 |    26 |     7 ||   103
         Magic Dart        |    29 |    73 |    56 |    27 ||   185
         Frozen Ramparts   |       |     6 |    17 |    23 ||    46
         Summon Ice Beast  |       |     4 |    21 |    20 ||    45
         Ozocubu's Armour  |       |     1 |     1 |     2 ||     4
         Stone Arrow       |       |       |    32 |    41 ||    73
         Scorch            |       |       |    41 |     7 ||    48
         Brom's Barrelling |       |       |     1 |     2 ||     3
    Use: Scroll            |       |     1 |    14 |     6 ||    21
         Potion            |       |       |       |     1 ||     1
   Stab: Sleeping          |     1 |       |     1 |       ||     2
         Distracted        |       |       |     1 |       ||     1
 Armour: Robe              |    15 |    12 |    18 |    41 ||    86
  Dodge: Dodged            |    21 |    37 |   100 |   112 ||   270
